 Dungeon Crawl Stone Soup version 0.27-a0-686-gaed091b46b (webtiles) character file.

Game seed: 16881604101651280723

277 wakim the Stinger (level 6, -4/36 HPs)
             Began as an Octopode Venom Mage on Mar 20, 2021.
             Was an Initiate of Gozag.
             Killed from afar by an orc wizard (7 damage)
             ... with a magic dart
             ... on level 4 of the Dungeon.
             The game lasted 00:10:32 (4111 turns).

wakim the Stinger (Octopode Venom Mage)             Turns: 4111, Time: 00:10:33

Health: -4/36      AC:  1    Str:  7    XL:     6   Next: 26%
Magic:  2/10       EV: 13    Int: 20    God:    Gozag
Gold:   136        SH:  0    Dex: 12    Spells: 1/11 levels left

rFire    . . .     SeeInvis .   a - +0 rapier
rCold    . . .     Faith    .   (no shield)
rNeg     . . .     Spirit   .   (helmet restricted)
rPois    .         Reflect  .   (no amulet)
rElec    .         Harm     .   (no ring)
rCorr    .         Rampage  .   (no ring)
Will     .....                  (no ring)
Stlth    ++++......             (no ring)
HPRegen  0.12/turn              (no ring)
MPRegen  0.12/turn              (no ring)
                                (no ring)
                                (no ring)

@: no status effects
A: almost no armour, amphibious, 8 rings, camouflage 1, gelatinous body 1,
nimble swimmer 1, tentacles
a: Renounce Religion, Potion Petition, Call Merchant, Bribe Branch


You were on level 4 of the Dungeon.
You worshipped Gozag.
Gozag was aware of your devotion.
You visited 1 branch of the dungeon, and saw 4 of its levels.

You collected 156 gold pieces.
You paid 20 gold pieces to Gozag.

Inventory:

Hand Weapons
 a - a +0 rapier (weapon)
Missiles
 c - 6 javelins
 d - 8 poisoned darts
 l - 11 boomerangs
Scrolls
 e - a scroll of amnesia
 F - a scroll of fog
 Y - 4 scrolls of teleportation {@r3}
Potions
 b - a potion of berserk rage {unknown}
 g - a potion of resistance {unknown}
 i - a potion of degeneration {unknown}
 j - a potion of mutation {unknown}
 m - a potion of might {unknown}
 G - a potion of ambrosia
 J - 2 potions of curing {@q1}


   Skills:
 - Level 2.0 Dodging
 - Level 5.0 Stealth
 - Level 3.0 Spellcasting
 + Level 1.3 Transmutations
 + Level 0.6 Fire Magic
 + Level 0.8 Air Magic
 * Level 6.3 Poison Magic


You had one spell level left.
You knew the following spells:

 Your Spells              Type           Power      Damage    Failure   Level
a - Sting                 Tmut/Pois      72%        1d6       3%          1
g - Ignite Poison         Fire/Tmut/Pois 14%        N/A       14%         3
s - Poisonous Vapours     Pois/Air       34%        N/A       4%          2
w - Olgreb's Toxic Radia  Pois           28%        N/A       11%         4

Your spell library contained the following spells:

 Spells                   Type           Power      Damage    Failure   Level
 Mephitic Cloud           Conj/Pois/Air  12%        N/A       16%         3


Dungeon Overview and Level Annotations

Branches:
Dungeon (4/15)
 Temple: D:4-7

Altars:
Gozag
Okawaru

Shops:
D:1 =


Innate Abilities, Weirdness & Mutations

You cannot wear most types of armour.
You are amphibious.
You can wear up to eight rings at the same time.
Your skin changes colour to match your surroundings (Stealth+).
Your rubbery body absorbs attacks. (AC +1, EV +1)
You are stealthy while swimming. (Stealth+)
You have tentacles for arms and can constrict up to eight enemies at once.


Message History

The spell is quite dangerous to cast (11% risk of failure)!
Continue anyway?
You begin to radiate toxic energy.
The orc wizard is poisoned. x2
The orc wizard looks even sicker.
Your toxic aura wanes.
An orc comes into view. It is wielding a +0 whip.
Casting: Olgreb's Toxic Radiance (quite dangerous; 11% risk of failure)
Confirm with . or Enter, or press ? or * to list all spells.
Okay, then.
Casting: Olgreb's Toxic Radiance (quite dangerous; 11% risk of failure)
Confirm with . or Enter, or press ? or * to list all spells.
The spell is quite dangerous to cast (14% risk of failure)!
Continue anyway?
You miscast Ignite Poison.
You are very lightly contaminated with residual magic.
Nothing appears to happen.
The orc shouts!
Unknown command.
Casting: Ignite Poison (quite dangerous; 14% risk of failure)
Confirm with . or Enter, or press ? or * to list all spells.
The spell is quite dangerous to cast (14% risk of failure)!
Continue anyway?
You miscast Ignite Poison.
Nothing appears to happen.
The orc wizard hits you with a +1 dagger of speed.
The orc wizard hits you with a +1 dagger of speed.
The orc wizard looks more healthy.
The orc wizard gestures at you while chanting.
The magic dart hits you.
The orc wizard casts a spell at itself.
The orc wizard flickers and vanishes!
Deactivating autopickup; reactivate with Ctrl-A.
The orc wizard looks more healthy.
A puff of flame appears from out of thin air!
The puff of flame hits you!
* * * LOW HITPOINT WARNING * * *
Your magical contamination has completely faded away.
A puff of flame appears from out of thin air!
The puff of flame hits you!
* * * LOW HITPOINT WARNING * * *
A magic dart appears from out of thin air!
The magic dart hits you!
You die...
Your body crumbles into a pile of gold.

.....#..##..>........#
..##....#.{o.##.####.#
.............##.# #.#
.##.###.#...###.# #.#
... #.##.## #.# #.# .##
##.##.# #.# #.# ...##.#
#.# #.# ##.#.##.# #.#
#.# ## #.(#.##@# #.# #.#
... #.##.##.# ##.# #.#
#..###.##.##.###..####.#
#......##.##...........#
#.##............<.#####
#.###.##................
#.# #.####.##.....#####.
#.###.# #.###...##
######.#...# #.# ##.##


You could see an orc.

Vanquished Creatures
  A scorpion (D:3)
  Jessica (D:2)
  An orc wizard (D:3)
  A worker ant (D:2)
  8 adders
  A worm (D:3)
  A dart slug (D:3)
  2 leopard geckos
  9 orcs
  3 giant cockroaches
  6 goblins
  2 hobgoblins
  10 jackals
  3 quokkas
  4 bats
  2 frilled lizards
  7 kobolds
  10 rats
72 creatures vanquished.

Notes
Turn   | Place    | Note
-------+----------+-------------------------------------------
     0 | D:1      | wakim the Octopode Venom Mage began the quest for the Orb.
     0 | D:1      | Reached XP level 1. HP: 11/11 MP: 3/3
   198 | D:1      | Reached skill level 4 in Poison Magic
   333 | D:1      | Reached XP level 2. HP: 17/17 MP: 3/5
   405 | D:1      | Found Kesatzuh's Jewellery Shop.
   858 | D:2      | Reached XP level 3. HP: 18/21 MP: 2/6
   861 | D:2      | Learned a level 2 spell: Poisonous Vapours
  1073 | D:2      | Noticed Jessica
  1076 | D:2      | Killed Jessica
  1077 | D:2      | Reached skill level 5 in Poison Magic
  1234 | D:2      | Found an iron altar of Okawaru.
  1243 | D:2      | Reached XP level 4. HP: 27/27 MP: 4/7
  1248 | D:2      | Learned a level 4 spell: Olgreb's Toxic Radiance
  2515 | D:3      | Reached XP level 5. HP: 31/31 MP: 1/8
  2983 | D:3      | Reached skill level 5 in Stealth
  2983 | D:3      | Reached skill level 6 in Poison Magic
  3273 | D:3      | Learned a level 3 spell: Ignite Poison
  3566 | D:3      | Found an opulent altar of Gozag.
  3606 | D:3      | Reached XP level 6. HP: 21/36 MP: 2/10
  3746 | D:3      | Became a worshipper of Gozag Ym Sagoz the Greedy
  4111 | D:4      | Killed from afar by an orc wizard

Illustrated notes

Levels and vault maps discovered:
D:1:      eino_arrival_druids_welcome, layout_loops_cross, serial_shops,
          nicolae_shop_competitors_out_of_business, nrook_loot_triangle,
          nrook_mini_backslash, serial_park_tiny_1
D:2:      layout_loops_ring, nicolae_overflow_crystal_walls,
          kennysheep_small_spiral, kennysheep_jessica_study
D:3:      layout_basic, marbit_many_paths, corexii_leaking_fountain
D:4:      layout_loops_ring, nicolae_ru_great_annihilating_truth,
          minmay_misc_feat_square

Skill      XL: |  1  2  3  4  5 |
---------------+----------------+-----
Stealth        | 3 4 5 |  5.0
Poison Magic   | 4 5 6 |  6.3
Spellcasting   | 3 |  3.0
Dodging        | |  2.0
Transmutations | |  1.3
Fire Magic     | |  0.6
Air Magic      | |  0.8

Action                   |  1- 3 |  4- 6 || total
-------------------------+-------+-------++-------
Melee: Rapier            |    11 |    13 ||    24
       Constrict         |     2 |     4 ||     6
       Tentacles         |     2 |     2 ||     4
 Cast: Sting             |    14 |       ||    14
       Poisonous Vapours |     8 |    49 ||    57
       Olgreb's Toxic Ra |       |     5 ||     5
       Ignite Poison     |       |     2 ||     2
  Use: Scroll            |       |     6 ||     6
 Stab: Sleeping          |     1 |       ||     1
Armor: Skin              |     4 |     3 ||     7
Dodge: Dodged            |    14 |    10 ||    24

Table legend: (Time is in decaauts)
 A = Elapsed time spent in this place.
 B = Non-inter-level travel time spent in this place.
 C = Inter-level travel time spent in this place.
 D = Time resting spent in this place.
 E = Time spent auto-exploring this place.
 F = Levels seen in this place.
 G = Mean time per level.
                   A        B        C        D        E       F      G
               +--------+--------+--------+--------+--------+-----+--------+
         Total |   4115 |   3986 |    129 |      0 |   3443 |   4 | 1028.8 |
       Dungeon |   4115 |   3986 |    129 |      0 |   3443 |   4 | 1028.8 |
               +--------+--------+--------+--------+--------+-----+--------+

Top non-repeatable levels by time:
     D:3: 1548 daAuts
     D:2: 1475 daAuts
     D:1: 835 daAuts
     D:4: 255 daAuts
